 Dungeon Crawl Stone Soup version 0.28.0-62-gf88900778d (webtiles) character file.

Game seed: 16854493342697658373

1460 cbfl8 the Cleaver (level 8, -2/68 HPs)
             Began as a Hill Orc Fighter on May 26, 2023.
             Was a Follower of Beogh.
             Succumbed to a gnoll sergeant's poison
             ... on level 6 of the Dungeon.
             The game lasted 00:07:12 (6226 turns).

cbfl8 the Cleaver (Hill Orc Fighter)                Turns: 6226, Time: 00:07:13

Health: -2/68      AC: 14    Str: 21    XL:     8   Next: 76%
Magic:  8/8        EV:  8    Int:  8    God:    Beogh [*.....]
Gold:   138        SH:  4    Dex: 10    Spells: 7/7 levels left

rFire   . . .      SeeInvis .   a - +0 war axe
rCold   . . .      Faith    .   c - +0 buckler
rNeg    . . .      Spirit   .   g - +0 chain mail
rPois   .          Reflect  .   (no helmet)
rElec   .          Harm     .   (no cloak)
rCorr   .          Rampage  .   (no gloves)
Will    .....                   (no boots)
Stlth   ..........              (no amulet)
HPRegen 0.21/turn               f - +4 ring of protection
MPRegen 0.11/turn               (no ring)

@: lethally poisoned (-2 -> -32)
A: no striking features
a: Renounce Religion


You were on level 6 of the Dungeon.
You worshipped Beogh.
Beogh was aware of your devotion.
You visited 1 branch of the dungeon, and saw 6 of its levels.

You collected 348 gold pieces.
You spent 210 gold pieces at shops.

Inventory:

Hand Weapons
 a - a +0 war axe (weapon)
Missiles
 h - 3 throwing nets (quivered)
Armour
 c - a +0 buckler (worn)
 g - a +0 chain mail (worn)
Jewellery
 f - a +4 ring of protection (left hand)
Scrolls
 b - a scroll of enchant armour
 e - a scroll of enchant weapon
 i - a scroll of blinking
 j - a scroll of immolation
 m - a scroll of noise
Potions
 d - a potion of flight {unknown}
 k - a potion of might
 n - a potion of invisibility
 o - a potion of mutation {unknown}


   Skills:
 + Level 5.3 Fighting
 + Level 8.9 Axes
 + Level 5.9 Armour
 + Level 1.6 Dodging
 + Level 0.4 Stealth
 + Level 4.7 Shields
 * Level 4.4 Evocations


You had 7 spell levels left.
You didn't know any spells.
Your spell library contained the following spells:

 Spells                   Type           Power      Damage    Failure   Level
 Blink                    Tloc           0%         N/A       100%        2
 Manifold Assault         Tloc           0%         N/A       100%        5
 Storm Form               Tmut/Air       0%         N/A       100%        7


Dungeon Overview and Level Annotations

Branches:
Dungeon (6/15)             Temple (0/1) D:4

Altars:

Shops:
D:4 *   D:6 *([!


Message History

You are poisoned.
Unknown command.
You slice the gnoll shaman!!
The gnoll shaman is almost dead.
You feel very sick. You block the gnoll shaman's attack.
The gnoll sergeant hits you from afar with a +2 spear of venom!
You are lethally poisoned!
The gnoll shaman prays to its god.
The gnoll shaman is healed somewhat.
You slash the gnoll shaman!
You kill the gnoll shaman!
Beogh accepts your kill.
Beogh appreciates your killing of a heretic priest.
* * * LOW HITPOINT WARNING * * *
You feel very sick. The gnoll sergeant barely misses you.
You block the gnoll sergeant's attack.
You feel much better.
You feel very sick. You block the gnoll sergeant's attack.
You feel very sick. The gnoll sergeant closely misses you.
The gnoll sergeant hits you with a +2 spear of venom!
You are lethally poisoned!
You slash the gnoll sergeant!
The gnoll sergeant is heavily wounded.
* * * LOW HITPOINT WARNING * * *
You feel extremely sick.
The gnoll sergeant hits you with a +2 spear of venom!
* * * LOW HITPOINT WARNING * * *
You are more poisoned.
The gnoll sergeant blocks your attack.
The gnoll sergeant is heavily wounded.
* * * LOW HITPOINT WARNING * * *
You feel extremely sick. The gnoll sergeant closely misses you.
You block the gnoll sergeant's attack.
Unknown command.
You hit the gnoll sergeant.
The gnoll sergeant is heavily wounded.
You die...

....##.##..........##########...#
..##...##.........###### ##..#
..#.....###.......#....# ##..
.............#....#....# #..
.....∩.†....##..#.#....#' #..
..........###...#........ #..
..#..)..#.#.............. #..
####...##........g(...... #..
#...(...#.....@)#... #..
###..####.......# #..
......##....)..# ##..
.......#....).(.## ##...
............(....# #####....
..............#....... .........
.............##....... .........
..........###...)..## ..#######
..........# .....## . ...


You could see a gnoll sergeant (fast).

Vanquished Creatures
  A water moccasin (D:6)
  An ice beast (D:5)
  A black bear (D:6)
  An ogre (D:5)
  A centaur (D:5)
  2 gnoll sergeants
  A water moccasin zombie (D:6)
  A scorpion (D:4)
  A bullfrog zombie (D:5)
  2 centaur zombies
  4 hounds
  A bullfrog skeleton (D:5)
  A centaur skeleton (D:4)
  2 gnoll shamans (D:6)
  Natasha (thrice) (D:2)
  An iguana (D:6)
  A killer bee zombie (D:6)
  20 gnolls
  3 adders
  A shadow imp (D:5)
  A white imp (D:6)
  An ufetubus (D:5)
  An adder skeleton (D:4)
  2 dart slugs
  An orc (D:6)
  7 ball pythons
  7 bats
  5 endoplasms
  4 giant cockroaches
  2 goblins
  7 hobgoblins
  7 jackals (D:6)
  4 quokkas
  2 frilled lizards
  7 kobolds
  4 rats
111 creatures vanquished.

Notes
Turn   | Place    | Note
-------+----------+-------------------------------------------
     0 | D:1      | cbfl8 the Hill Orc Fighter began the quest for the Orb.
     0 | D:1      | Reached XP level 1. HP: 19/19 MP: 1/1
   210 | D:1      | Reached XP level 2. HP: 17/27 MP: 2/2
   483 | D:1      | Reached skill level 3 in Axes
   629 | D:1      | Reached XP level 3. HP: 32/33 MP: 3/3
   764 | D:2      | Noticed Natasha
   781 | D:2      | Killed Natasha
   782 | D:2      | Reached skill level 1 in Evocations
   976 | D:2      | Noticed Natasha
   982 | D:2      | Killed Natasha
   983 | D:2      | Reached skill level 4 in Axes
   983 | D:2      | Reached XP level 4. HP: 36/40 MP: 4/4
  1038 | D:2      | Noticed Natasha
  1046 | D:2      | Killed Natasha
  1291 | D:2      | Reached XP level 5. HP: 46/46 MP: 5/5
  1476 | D:2      | Reached skill level 5 in Axes
  2136 | D:4      | Found Gygah's Assorted Antiques.
  2140 | D:4      | Found a staircase to the Ecumenical Temple.
  2143 | D:4      | Became a worshipper of Beogh the Brigand
  2162 | D:4      | Reached XP level 6. HP: 42/52 MP: 6/6
  2282 | D:4      | Reached skill level 1 in Dodging
  2341 | D:4      | Reached skill level 6 in Axes
  3104 | D:5      | Entered Level 5 of the Dungeon
  3396 | D:5      | Noticed an ice beast
  3408 | D:5      | Killed an ice beast
  3409 | D:5      | Reached XP level 7. HP: 33/60 MP: 7/7
  4110 | D:5      | Reached skill level 7 in Axes
  4592 | D:6      | Found Plog's Armour Shop.
  4607 | D:6      | Found Nantoicy's Weapon Boutique.
  4641 | D:6      | Reached skill level 5 in Armour
  4641 | D:6      | Reached XP level 8. HP: 60/67 MP: 8/8
  4731 | D:6      | Found Saufoz's General Store.
  4919 | D:5      | Reached skill level 8 in Axes
  5506 | D:6      | Reached skill level 5 in Fighting
  5758 | D:6      | Reached * piety under Beogh
  6075 | D:6      | Found Ippyluggo's Distillery.
  6155 | D:6      | Bought a potion of heal wounds for 70 gold pieces
  6155 | D:6      | Bought 2 potions of heal wounds for 140 gold pieces
  6226 | D:6      | Succumbed to a gnoll sergeant's poison

Illustrated notes

Levels and vault maps discovered:
D:1:      scummos_arrival_checkerplants, layout_basic
D:2:      layout_basic, uniq_natasha
D:3:      layout_basic
D:4:      layout_gridville, minmay_temple_entry_proselytizer, serial_shops, shop
D:5:      layout_loops_corners
D:6:      layout_cave_pools, kennysheep_okawaru_gauntlet, serial_shops,
          nicolae_shop_bloodbath_and_beyond, nicolae_take_the_stairs,
          nicolae_shop_advertising_works [nicolae_subvault_shop_adworks],
          kennysheep_mini_moat, shop_fountains, serial_gnoll_camp,
          gnoll_camp_medium_02, gnoll_camp_medium_01, gnoll_camp_mini_basic,
          gnoll_camp_mini_shop

Skill      XL: |  1  2  3  4  5  6  7  8 |
---------------+-------------------------+-----
Axes           | 3 4 5 6 7 8 |  8.9
Evocations     | 1 3 4 |  4.4
Fighting       | 4 5 |  5.3
Armour         | 4 5 |  5.9
Dodging        | 1 |  1.6
Shields        | 4 |  4.7
Stealth        | |  0.4

Action                   |  1- 3 |  4- 6 |  7- 9 || total
-------------------------+-------+-------+-------++-------
Melee: War axe           |    62 |   167 |   207 ||   436
Invok: Convert to Beogh  |       |     1 |       ||     1
  Use: Potion            |       |     1 |     5 ||     6
       Scroll            |       |       |     8 ||     8
Armor: Scale mail        |    11 |       |       ||    11
       Chain mail        |    37 |   148 |   164 ||   349
Dodge: Dodged            |    30 |    69 |    96 ||   195
Block: Buckler           |    19 |    55 |    64 ||   138
